 Dungeon Crawl Stone Soup version 0.30-a0-339-g89bb51ec76 (webtiles) character file.

Game seed: 18292380941767279440

669 meatgazer the Trooper (level 7, -5/58 HPs)
             Began as a Demonspawn Berserker on Oct 31, 2022.
             Was a Priest of Trog.
             Slain by Pikel
             ... wielding a +1 whip of freezing
              (11 damage)
             ... on level 4 of the Dungeon.
             The game lasted 00:09:51 (3414 turns).

meatgazer the Trooper (Demonspawn Berserker)        Turns: 3414, Time: 00:09:52

Health: -5/58      AC:  8    Str: 19    XL:     7   Next: 32%
Magic:  7/7        EV: 12    Int:  9    God:    Trog [***...]
Gold:   197        SH:  0    Dex: 12    Spells: 6/6 levels left

rFire   . . .      SeeInvis .    a - +0 mace
rCold   . . .      Faith    .    (no shield)
rNeg    + . .      Spirit   .    b - +0 animal skin
rPois   .          Reflect  .    d - +2 helmet
rElec   .          Harm     .    (no cloak)
rCorr   .          Rampage  .    h - +1 pair of gloves
Will    .....                    (no boots)
Stlth   +.........               (no amulet)
HPRegen 0.29/turn                l - ring of positive energy
MPRegen 0.20/turn                (no ring)

@: mighty, on berserk cooldown, hasted and slowed
A: claws 2, magic regeneration, demonic magic 1, deterioration 1, shaggy fur 1
a: Renounce Religion, Berserk, Trog's Hand


You were on level 4 of the Dungeon.
You worshipped Trog.
Trog was most pleased with you.
You visited 1 branch of the dungeon, and saw 7 of its levels.

You collected 197 gold pieces.

Inventory:

Hand Weapons
 a - a +0 mace (weapon)
Armour
 b - a +0 animal skin (worn)
 d - a +2 helmet (worn)
 h - a +1 pair of gloves (worn)
Jewellery
 l - a ring of positive energy (left hand)
Scrolls
 f - a scroll of fear
 i - a scroll of amnesia
 j - a scroll of immolation
Potions
 e - a potion of brilliance
 g - 3 potions of curing
 m - a potion of attraction


   Skills:
 + Level 6.2 Fighting
 + Level 5.7 Maces & Flails
 - Level 2.1 Armour
 - Level 2.1 Dodging


You had 6 spell levels left.
You didn't know any spells.
Your spell library was empty.

Dungeon Overview and Level Annotations

Branches:
Dungeon (7/15)             Temple (0/1) D:4

Altars:

Shops:
D:3 ?

Annotations:
D:4 Pikel


Innate Abilities, Weirdness & Mutations

You have very sharp fingernails.
You regenerate magic rapidly.
Spells you cast may paralyse adjacent enemies.
Your body sometimes deteriorates upon taking damage.
You are covered in fur. (AC +1)


Message History

* * * LOW HITPOINT WARNING * * *
Pikel freezes you.
* * * LOW HITPOINT WARNING * * *
The lemure shouts!
You hear a shout!
You hear an angry growl.
A black bear comes into view.
The lemure closely misses you. Pikel closely misses you.
As you read the scroll of fear, it crumbles to dust.
You assume a fearsome visage.
The lemure looks frightened! x2
The black bear looks frightened!
Pikel hits you but does no damage.
Pikel hits you with a +1 whip of freezing.
* * * LOW HITPOINT WARNING * * *
Pikel freezes you.
* * * LOW HITPOINT WARNING * * *
There is a stone staircase leading up here.
You feel the effects of Trog's Hand fading.
Pikel says, "You'll make a fine lemure."
Pikel hits you with a +1 whip of freezing.
* * * LOW HITPOINT WARNING * * *
Pikel freezes you.
* * * LOW HITPOINT WARNING * * *
You climb upwards.
Found a scroll of enchant armour and a scroll of magic mapping.
There is a stone staircase leading down here.
Okay, then.
It was a potion of might.
You feel very mighty all of a sudden. Pikel completely misses you.
Pikel misses you.
It was a potion of haste.
You feel yourself speed up. Pikel completely misses you.
You barely miss Pikel. Your punch misses Pikel.
Pikel hits you with a +1 whip of freezing.
* * * LOW HITPOINT WARNING * * *
Pikel freezes you.
* * * LOW HITPOINT WARNING * * *
You closely miss Pikel.
Your skin stops crawling.
You feel less strong-willed. Pikel misses you.
You closely miss Pikel.
Pikel hits you with a +1 whip of freezing!
You die...

.# .#
##......#
.#
#......?##
.####
##........#
....##
#.........#
.##..#
#.........#
.###.###
#........#
.#.....#
#.......#
.###.###
#...@..#
.#.....#
##.K..##
####.###
###.##
#.....# ..#
###.### #..
#.....# ##.
###.### .
#..# .#
##.##


You could see Pikel.

Vanquished Creatures
  Sigmund (D:3)
  Eustachio (D:4)
  2 phantoms
  A lemure (D:6)
  A jelly (D:5)
  An orc priest (D:4)
  4 gnolls (D:3)
  4 adders
  3 dart slugs
  10 orcs
  8 ball pythons
  7 endoplasms
  3 giant cockroaches
  13 goblins
  8 hobgoblins
  4 jackals
  4 quokkas
  4 bats
  4 frilled lizards
  5 kobolds
  4 rats
92 creatures vanquished.

Notes
Turn   | Place    | Note
-------+----------+-------------------------------------------
     0 | D:1      | meatgazer the Demonspawn Berserker began the quest for the
                  | Orb.
     0 | D:1      | Reached XP level 1. HP: 18/18 MP: 1/1
   533 | D:1      | Gained mutation: You regenerate magic rapidly. [demonic
                  | ancestry]
   533 | D:1      | Reached XP level 2. HP: 24/24 MP: 2/2
  1080 | D:2      | Reached ** piety under Trog
  1081 | D:2      | Reached XP level 3. HP: 29/29 MP: 3/3
  1115 | D:2      | Found a faded altar of an unknown god.
  1943 | D:2      | Gained mutation: You have sharp fingernails. [demonic
                  | ancestry]
  1943 | D:2      | Reached XP level 4. HP: 37/37 MP: 4/4
  2011 | D:3      | Reached skill level 4 in Fighting
  2132 | D:3      | Gained mutation: Your body sometimes deteriorates upon
                  | taking damage. [potion of mutation]
  2132 | D:3      | Gained mutation: You are covered in fur. (AC +1) [potion of
                  | mutation]
  2168 | D:3      | Noticed Sigmund
  2176 | D:3      | Killed Sigmund
  2177 | D:3      | Reached skill level 5 in Fighting
  2177 | D:3      | Reached XP level 5. HP: 33/44 MP: 5/5
  2177 | D:3      | Gained mutation: You have very sharp fingernails. [demonic
                  | ancestry]
  2177 | D:3      | Reached XP level 6. HP: 38/51 MP: 6/6
  2296 | D:3      | Found Camy's Magic Scroll Emporium.
  2594 | D:3      | Reached *** piety under Trog
  2802 | D:4      | Noticed Eustachio
  2816 | D:4      | Killed Eustachio
  2817 | D:4      | Reached skill level 5 in Maces & Flails
  3201 | D:4      | Found a staircase to the Ecumenical Temple.
  3274 | D:4      | You fall into a shaft and drop 3 floors!
  3333 | D:6      | Gained mutation: Spells you cast may paralyse adjacent
                  | enemies. [demonic ancestry]
  3333 | D:6      | Reached XP level 7. HP: 57/57 MP: 7/7
  3350 | D:5      | Entered Level 5 of the Dungeon
  3350 | D:5      | Noticed Pikel
  3391 | D:5      | Reached skill level 6 in Fighting
  3401 | D:5      | HP: 2/58 [Pikel/+1 whip of freezing (1)]
  3408 | D:5      | HP: 2/58 [Pikel/+1 whip of freezing (3)]
  3414 | D:4      | Slain by Pikel

Illustrated notes

Levels and vault maps discovered:
D:1:      spicycebolla_green_bress_n_ham, layout_loops_ring,
          roderic_cross_of_infinity, st_stairs_3
D:2:      layout_basic, ebering_ecumenical_altar_hall, minmay_close_crescents
D:3:      cheibrodos_greedy_goblins, layout_basic, serial_shops, shop,
          uniq_sigmund
D:4:      layout_cave_pods, minmay_temple_entry_mist, minmay_misc_feat_encased,
          minmay_misc_feat_hallway, uniq_robin, uniq_eustachio
D:5:      layout_loops_cross, uniq_pikel
D:6:      layout_basic, ebering_ghost_rock_garden
D:7:      layout_rooms, uniq_maggie

Skill      XL: |  1  2  3  4  5  6  7 |
---------------+----------------------+-----
Armour         | 2 |  2.1
Dodging        | 2 |  2.1
Maces & Flails | 3 4 5 |  5.7
Fighting       | 5 6 |  6.2

Action                   |  1- 3 |  4- 6 |  7- 9 || total
-------------------------+-------+-------+-------++-------
Melee: Mace              |   123 |   140 |    27 ||   290
       Punch             |       |     3 |     2 ||     5
Invok: Berserk           |       |     6 |     1 ||     7
       Trog's Hand       |       |       |     1 ||     1
  Use: Scroll            |     6 |     7 |     1 ||    14
       Potion            |       |     2 |     2 ||     4
 Stab: Sleeping          |     2 |       |       ||     2
Armor: Animal skin       |    41 |    88 |    11 ||   140
Dodge: Dodged            |    85 |   157 |    23 ||   265

Table legend: (Time is in decaauts)
 A = Elapsed time spent in this place.
 B = Non-inter-level travel time spent in this place.
 C = Inter-level travel time spent in this place.
 D = Time resting spent in this place.
 E = Time spent auto-exploring this place.
 F = Levels seen in this place.
 G = Mean time per level.
                   A        B        C        D        E       F      G
               +--------+--------+--------+--------+--------+-----+--------+
         Total |   3511 |   3410 |    101 |    846 |   1879 |   7 |  501.6 |
       Dungeon |   3511 |   3410 |    101 |    846 |   1879 |   7 |  501.6 |
               +--------+--------+--------+--------+--------+-----+--------+

Top non-repeatable levels by time:
     D:1: 1051 daAuts
     D:2: 931 daAuts
     D:3: 864 daAuts
     D:4: 514 daAuts
     D:6: 75 daAuts
     D:5: 39 daAuts
     D:7: 34 daAuts
